 Dungeon Crawl Stone Soup version 0.32-a0-422-g28b100f618 (webtiles) character file.

Game seed: 13400147125844771228

315 shadowstone the Sneak (level 6, -3/46 HPs)
             Began as a Coglin Brigand on Feb 21, 2024.
             Slain by Menkaure (5 damage)
             ... on level 4 of the Dungeon.
             The game lasted 00:11:30 (3175 turns).

shadowstone the Sneak (Coglin Brigand)              Turns: 3175, Time: 00:11:37

Health: -3/46      AC: 12    Str: 13    XL:     6   Next: 43%
Magic:  6/6        EV:  7    Int: 11    God:
Gold:   127        SH:  0    Dex: 15    Spells: 5/5 levels left

rFire   . . .        o - +2 hand axe (heavy) {Laurinda}
rCold   . . .        a - +2 dagger {Citlalmina}
rNeg    . . .        p - +0 chain mail
rPois   .            (no helmet)
rElec   .            c - +1 cloak
rCorr   .            k - +0 pair of gloves
SInv    .            (no boots)
Will    .....        (no amulet) Stlth
                     (no ring)
HPRegen 0.27/turn    (no ring)
MPRegen 0.10/turn

%: no passive effects
@: immotile, revved
A: off-hand wielding, slow wielding, warmup strikes, legs shutdown
a: no special abilities


You were on level 4 of the Dungeon.
You visited 1 branch of the dungeon, and saw 4 of its levels.

You collected 127 gold pieces.

Inventory:

Hand Weapons
 a - a +2 dagger (offhand) {Citlalmina}
 h - a +0 arbalest {Olga}
 o - a +2 heavy hand axe (weapon) {Laurinda}
Missiles
 e - 8 curare-tipped darts
 l - 15 poisoned darts
 s - 3 boomerangs (quivered)
Armour
 c - a +1 cloak (worn)
 g - a +0 ring mail
 k - a +0 pair of gloves (worn)
 p - a +0 chain mail (worn)
Jewellery
 m - a ring of wizardry
 t - a ring of fire
Scrolls
 i - a scroll of revelation
 n - a scroll of enchant weapon
 q - 3 scrolls of identify
 r - 3 scrolls of teleportation
Potions
 b - a potion of invisibility {unknown}
 d - 3 potions of berserk rage {unknown}
 f - 3 potions of curing {unknown}
 j - 2 potions of heal wounds {unknown}


   Skills:
 + Level 2.6 Fighting
 + Level 3.3 Short Blades
 + Level 1.1 Axes
 + Level 3.1 Throwing
 + Level 2.3 Armour
 + Level 1.4 Dodging
 + Level 3.7 Stealth


You had 5 spell levels left.
You didn't know any spells.
Your spell library contained the following spells:

 Spells                   Type           Power      Damage    Failure   Level
 Ensorcelled Hibernation  Hex/Ice        0%         N/A       100%        2
 Passwall                 Erth           0%         N/A       100%        3
 Swiftness                Air            0%         N/A       100%        3


Dungeon Overview and Level Annotations

Branches:
Dungeon (4/15)
 Temple: D:4-7

Altars:
Ru

Annotations:
D:4 Menkaure


Innate Abilities, Weirdness & Mutations

You can wield a second weapon in your off-hand.
It takes a long time for you to wield or remove held weapons.
Your first few attacks do less damage.
Attacking and casting redirects power from your legs.


Message History

You kill the adder!
An endoplasm comes into view.
Menkaure calls on the powers of darkness!
The orc convulses!
Your body is wracked with pain!
The endoplasm convulses!
The endoplasm quivers.
The dart slug convulses!
The orc barely misses you.
Your Axes skill increases to level 1!
You hit the orc with your +2 dagger.
The orc is heavily wounded.
You slash the orc with your +2 heavy hand axe!
You kill the orc!
The dart slug launches a dart at you. The slug dart hits you.
You cannot move.
You cannot move.
You cannot move.
You cannot move.
You cannot move.
You cannot move.
You swing at nothing.
You are no longer unable to travel.
You closely miss Menkaure with your +2 dagger.
You slash Menkaure with your +2 heavy hand axe!
Menkaure hits you!
* * * LOW HITPOINT WARNING * * *
You closely miss Menkaure with your +2 dagger.
Menkaure is moderately damaged.
You hit Menkaure with your +2 heavy hand axe.
Menkaure gestures at you while chanting.
Pain shoots through your body!
* * * LOW HITPOINT WARNING * * *
Menkaure hits you but does no damage.
You barely miss Menkaure with your +2 heavy hand axe.
Menkaure is heavily damaged.
You hit the endoplasm with your +2 heavy hand axe.
You kill the endoplasm!
You hit Menkaure but do no damage.
Menkaure giggles, "These cerements are ticklish..."
Menkaure hits you.
You die...

### #.# ...#.#
############
#.#.###.).........
#.............###.
#.#.###.###...# #.
#.......# ##.## #.
..#####.#.###.#
#.# #. =...)...#.#
#.# #.# #.
....w.M@..# #.#
..# #. ..##/######
#.#. ### #. #
#..#. #. ..# #. #.
#..#.#.####.
#..........
.#.####.### #....
#####


You could see Menkaure (fast) and a dart slug.

Vanquished Creatures
  2 bombardier beetles
  An orc wizard (D:3)
  3 gnolls (D:2)
  5 adders
  3 ribbon worms (D:3)
  6 orcs
  8 endoplasms
  6 giant cockroaches
  3 goblins
  7 hobgoblins
  12 jackals
  2 kobolds (D:2)
  A quokka (D:1)
  5 ball pythons
  8 bats
  A frilled lizard (D:2)
  9 rats
82 creatures vanquished.

Notes
Turn   | Place    | Note
-------+----------+-------------------------------------------
     0 | D:1      | shadowstone the Coglin Brigand began the quest for the Orb.
     0 | D:1      | Reached XP level 1. HP: 16/16 MP: 1/1
   128 | D:1      | Reached XP level 2. HP: 20/22 MP: 2/2
   183 | D:1      | Reached skill level 1 in Dodging
   183 | D:1      | Reached XP level 3. HP: 17/27 MP: 3/3
   687 | D:1      | Found a faded altar of an unknown god.
   693 | D:1      | Reached XP level 4. HP: 28/33 MP: 4/4
   924 | D:2      | Reached skill level 1 in Armour
  1108 | D:2      | Reached XP level 5. HP: 33/39 MP: 5/5
  1908 | D:2      | You fall into a shaft and drop 1 floor!
  2692 | D:3      | Reached XP level 6. HP: 46/46 MP: 6/6
  3061 | D:3      | Found a sacrificial altar of Ru.
  3167 | D:4      | Noticed Menkaure
  3171 | D:4      | Reached skill level 1 in Axes
  3174 | D:4      | HP: 1/46 [Menkaure/nerve-wracking pain (6)]
  3175 | D:4      | Slain by Menkaure

Illustrated notes

Levels and vault maps discovered:
D:1:      minmay_arrival_loop, layout_rooms,
          hellmonk_ecumenical_altar_slurped_away, minmay_fountain_box
D:2:      layout_basic
D:3:      layout_basic, nicolae_ru_path_of_blood, minmay_cupped
D:4:      layout_loops_ring, lemuel_crystal_altar, uniq_menkaure

Skill      XL: |  1  2  3  4  5  6 |
---------------+-------------------+-----
Short Blades   | 2 3 |  3.3
Dodging        | 1 |  1.4
Throwing       | 2 3 |  3.1
Armour         | 1 2 |  2.3
Axes           | 1 |  1.1
Fighting       | |  2.6
Stealth        | |  3.7

Action                     |  1- 3 |  4- 6 || total
---------------------------+-------+-------++-------
  Melee: Dagger            |   104 |    72 ||   176
         Hand axe          |     2 |    82 ||    84
  Throw: Dart              |    21 |    25 ||    46
         Boomerang         |       |    27 ||    27
    Use: Scroll            |       |    10 ||    10
 Armour: Ring mail         |   138 |       ||   138
         Chain mail        |       |   141 ||   141
  Dodge: Dodged            |   140 |    45 ||   185

Table legend: (Time is in decaauts)
 A = Elapsed time spent in this place.
 B = Non-inter-level travel time spent in this place.
 C = Inter-level travel time spent in this place.
 D = Time resting spent in this place.
 E = Time spent auto-exploring this place.
 F = Levels seen in this place.
 G = Mean time per level.
                   A        B        C        D        E       F      G
               +--------+--------+--------+--------+--------+-----+--------+
         Total |   3192 |   2998 |    194 |    756 |    879 |   4 |  798.0 |
       Dungeon |   3192 |   2998 |    194 |    756 |    879 |   4 |  798.0 |
               +--------+--------+--------+--------+--------+-----+--------+

Top non-repeatable levels by time:
     D:3: 1219 daAuts
     D:2: 1101 daAuts
     D:1: 800 daAuts
     D:4: 71 daAuts
